 Dungeon Crawl Stone Soup version 0.23-a0-356-g1757c6e (webtiles) character file.

210 Garbasso the Sneak (level 5, -2/37 HPs)
             Began as a Gnoll Enchanter on Oct 21, 2018.
             Was a Follower of Dithmenos.
             Killed from afar by an orc wizard (8 damage)
             ... with a magic dart
             ... on level 4 of the Dungeon.
             The game lasted 00:10:18 (2755 turns).

Garbasso the Sneak (Gnoll Enchanter)                Turns: 2755, Time: 00:10:19

Health: -2/37      AC:  3    Str: 15    XL:     5   Next: 87%
Magic:  7/12       EV: 15    Int: 18    God:    Dithmenos [*.....]
Gold:   202        SH:  0    Dex: 16    Spells: 5/14 levels left

rFire    . . .     SeeInvis .   a - +1 dagger
rCold    . . .     Gourm    .   (no shield)
rNeg     . . .     Faith    .   u - +0 robe
rPois    .         Spirit   .   (no helmet)
rElec    .         Reflect  .   p - scarf {cloud immunity}
rCorr    .         Harm     +   r - +0 pair of gloves
MR       .....                  (no boots)
Stlth    ++++......             g - amulet of harm
HPRegen  0.12/turn              m - +5 ring of strength
MPRegen  0.13/turn              (no ring)

@: wreathed by umbra
A: distributed training, fangs 1, strong nose
a: Renounce Religion


You were on level 4 of the Dungeon.
You worshipped Dithmenos.
Dithmenos was aware of your devotion.
You were not hungry.

You visited 1 branch of the dungeon, and saw 4 of its levels.

You collected 202 gold pieces.

Inventory:

Hand Weapons
 a - a +1 dagger (weapon)
 b - a +0 long sword
Missiles
 z - 3 javelins (quivered)
Armour
 p - a scarf of cloud immunity (worn)
 r - a +0 pair of gloves (worn)
 u - a +0 robe (worn)
Jewellery
 g - an amulet of harm (around neck)
 j - an uncursed ring of ice
 m - a +5 ring of strength (left hand)
 o - a +3 amulet of reflection
Scrolls
 c - a scroll of blinking {unknown}
 f - 2 scrolls of identify
 h - 2 scrolls of enchant armour {unknown}
 k - 3 scrolls of remove curse {unknown}
 s - 3 scrolls of teleportation
 x - a scroll of random uselessness {unknown}
 y - a scroll of fear {unknown}
Potions
 i - a potion of haste
 l - a potion of experience {unknown}
 n - 2 potions of degeneration
 q - a potion of ambrosia {unknown}
 t - 3 potions of might
 w - a potion of cancellation {unknown}
 A - 2 potions of invisibility
 B - a potion of heal wounds {unknown}
Comestibles
 d - 3 rations


   Skills:
 + Level 1.6 Fighting
 + Level 3.0 Short Blades
 + Level 1.6 Long Blades
 + Level 1.6 Axes
 + Level 1.6 Maces & Flails
 + Level 1.6 Polearms
 + Level 1.6 Staves
 + Level 1.6 Slings
 + Level 1.6 Bows
 + Level 1.6 Crossbows
 + Level 1.6 Throwing
 + Level 1.6 Armour
 + Level 4.8 Dodging
 + Level 6.2 Stealth
 + Level 1.6 Shields
 + Level 1.6 Unarmed Combat
 + Level 5.2 Spellcasting
 + Level 1.3 Conjurations
 + Level 5.6 Hexes
 + Level 1.3 Charms
 + Level 1.3 Summonings
 + Level 1.3 Necromancy
 + Level 1.3 Translocations
 + Level 1.3 Transmutations
 + Level 1.3 Fire Magic
 + Level 1.3 Ice Magic
 + Level 1.3 Air Magic
 + Level 1.3 Earth Magic
 + Level 1.3 Poison Magic
 + Level 1.8 Invocations
 + Level 1.6 Evocations


You had 5 spell levels left.
You knew the following spells:

 Your Spells              Type           Power        Failure   Level  Hunger
a - Corona                Hex            ###....      1%          1    None
b - Ensorcelled Hibernat  Hex/Ice        ###...       4%          2    #......
c - Tukima's Dance        Hex            ###.....     4%          3    ##.....
d - Confuse               Hex            ###.....     4%          3    ##.....

Your spell library contained the following spells:

 Spells                   Type           Power        Failure   Level  Hunger
 Dazzling Spray           Conj/Hex       ###...       10%         3    ##.....


Dungeon Overview and Level Annotations

Branches:
Dungeon (4/15)
 Temple: D:4-7

Altars:
Ashenzari
Dithmenos
Elyvilon
Zin


Innate Abilities, Weirdness & Mutations

Your experience applies equally to all skills.
You have very sharp teeth.
Your uncanny sense of smell can sniff out nearby items.


Message History

Beogh smites you!
* * * LOW HITPOINT WARNING * * *
The orc wizard casts a spell.
The orc wizard blinks!
The orc priest looks satisfied for a moment.
The orc wizard casts a spell at you. You resist with some effort.
Casting: Ensorcelled Hibernation (safe; 4% risk of failure)
Confirm with . or Enter, or press ? or * to list all spells.
Aiming: Ensorcelled Hibernation (safe; 4% risk of failure)
Press: ? - help, Shift-Dir - straight line, f - orc priest
Aim: an orc priest, wielding a +0 dagger and wearing a +0 scale mail (umbra, The orc priest looks drowsy...
The helpless orc priest fails to defend itself.
You spit the orc priest like a pig!!!
You kill the orc priest!
Dithmenos accepts your kill.
The orc wizard points at you and mumbles some strange words.
The magic dart hits you!
You die...

### #.. #
##.#####'#
#......../
#.....o...
####
#.........
....
#..)......
....
##@#####'#
.... #.#
.... #.#
.... ∆ #.#
.... ..#
#### ####


You could see an orc wizard.

Vanquished Creatures
  An orc priest (D:4)
  A hound skeleton (D:2)
  8 adders
  A shadow imp (D:2)
  An adder skeleton (D:4)
  3 worms
  A dart slug (D:1)
  2 leopard geckos
  2 orcs
  3 ball pythons
  9 bats
  3 giant cockroaches
  5 goblins (D:1)
  5 hobgoblins
  13 jackals
  3 kobolds (D:2)
  3 quokkas
  6 frilled lizards
  3 rats (D:2)
73 creatures vanquished.

Notes
Turn   | Place    | Note
-------+----------+-------------------------------------------
     0 | D:1      | Garbasso the Gnoll Enchanter began the quest for the Orb.
     0 | D:1      | Reached XP level 1. HP: 13/13 MP: 6/6
   193 | D:1      | Reached XP level 2. HP: 19/19 MP: 7/7
   785 | D:1      | Learned a level 2 spell: Ensorcelled Hibernation
  1053 | D:2      | Found a faded altar of an unknown god.
  1071 | D:2      | Found a shadowy altar of Dithmenos.
  1071 | D:2      | Found a glowing silver altar of Zin.
  1071 | D:2      | Found a shattered altar of Ashenzari.
  1072 | D:2      | Found a white marble altar of Elyvilon.
  1074 | D:2      | Reached skill level 5 in Spellcasting
  1074 | D:2      | Reached XP level 3. HP: 25/25 MP: 7/9
  1079 | D:2      | Became a worshipper of Dithmenos the Shadowed
  1082 | D:2      | Reached skill level 6 in Stealth
  1212 | D:2      | Reached skill level 1 in Invocations
  1291 | D:2      | Reached skill level 1 in Fighting
  1291 | D:2      | Reached skill level 1 in Long Blades
  1291 | D:2      | Reached skill level 1 in Axes
  1291 | D:2      | Reached skill level 1 in Maces & Flails
  1291 | D:2      | Reached skill level 1 in Polearms
  1291 | D:2      | Reached skill level 1 in Staves
  1291 | D:2      | Reached skill level 1 in Slings
  1291 | D:2      | Reached skill level 1 in Bows
  1291 | D:2      | Reached skill level 1 in Crossbows
  1291 | D:2      | Reached skill level 1 in Throwing
  1291 | D:2      | Reached skill level 1 in Armour
  1291 | D:2      | Reached skill level 1 in Shields
  1291 | D:2      | Reached skill level 1 in Unarmed Combat
  1291 | D:2      | Reached skill level 1 in Evocations
  1424 | D:2      | Reached XP level 4. HP: 28/32 MP: 11/11
  1829 | D:2      | Reached skill level 1 in Conjurations
  1829 | D:2      | Reached skill level 1 in Charms
  1829 | D:2      | Reached skill level 1 in Summonings
  1829 | D:2      | Reached skill level 1 in Necromancy
  1829 | D:2      | Reached skill level 1 in Translocations
  1829 | D:2      | Reached skill level 1 in Transmutations
  1829 | D:2      | Reached skill level 1 in Fire Magic
  1829 | D:2      | Reached skill level 1 in Ice Magic
  1829 | D:2      | Reached skill level 1 in Air Magic
  1829 | D:2      | Reached skill level 1 in Earth Magic
  1829 | D:2      | Reached skill level 1 in Poison Magic
  1974 | D:2      | Reached * piety under Dithmenos
  2095 | D:3      | Learned a level 3 spell: Tukima's Dance
  2118 | D:3      | Reached XP level 5. HP: 37/37 MP: 12/12
  2635 | D:4      | Learned a level 3 spell: Confuse
  2755 | D:4      | Killed from afar by an orc wizard

Vault maps used:
D:1:      scummos_arrival_simple_crosswalls
D:2:      chequers_temple_overflow_statue_of_worship,
          chequers_ecumenical_altar_simple_redux, hangedman_feature_mirror
D:3:      minmay_unequal
D:4:      lightli_sewer_entry_pipes

Skill      XL: |  1  2  3  4  5 |
---------------+----------------+-----
Spellcasting   | 5 |  5.2
Stealth        | 6 |  6.2
Invocations    | 1 |  1.8
Fighting       | 1 |  1.6
Long Blades    | 1 |  1.6
Axes           | 1 |  1.6
Maces & Flails | 1 |  1.6
Polearms       | 1 |  1.6
Staves         | 1 |  1.6
Slings         | 1 |  1.6
Bows           | 1 |  1.6
Crossbows      | 1 |  1.6
Throwing       | 1 |  1.6
Armour         | 1 |  1.6
Shields        | 1 |  1.6
Unarmed Combat | 1 |  1.6
Evocations     | 1 |  1.6
Conjurations   | 1 |  1.3
Charms         | 1 |  1.3
Summonings     | 1 |  1.3
Necromancy     | 1 |  1.3
Translocations | 1 |  1.3
Transmutations | 1 |  1.3
Fire Magic     | 1 |  1.3
Ice Magic      | 1 |  1.3
Air Magic      | 1 |  1.3
Earth Magic    | 1 |  1.3
Poison Magic   | 1 |  1.3
Short Blades   | 3 |  3.0
Dodging        | |  4.8
Hexes          | |  5.6

Action                   |  1- 3 |  4- 6 || total
-------------------------+-------+-------++-------
Melee: Dagger            |    63 |    81 ||   144
       Bite              |     3 |    11 ||    14
       Long sword        |       |    22 ||    22
 Cast: Ensorcelled Hiber |     8 |    13 ||    21
       Confuse           |       |     3 ||     3
  Use: Scroll            |       |     7 ||     7
       Potion            |       |     2 ||     2
 Stab: Sleeping          |    10 |    25 ||    35
       Distracted        |     1 |       ||     1
  Eat: Chunk             |     1 |     5 ||     6
Armor: Robe              |    15 |    16 ||    31
Dodge: Dodged            |    53 |   114 ||   167
       Rpst.: Long sword |       |    13 ||    13

Table legend:
 A = Non-vault XP
 B = Vault XP
 C = Vault XP percentage of total XP
 D = Non-vault monster count
 E = Vault monster count
 F = Vault count percentage of total count
                 A         B        C        D         E       F
            +---------+---------+-------+---------+---------+-------
      Total |     262 |      38 |  12.7 |      70 |       3 |   4.1
            +---------+---------+-------+---------+---------+-------
        D:1 |      23 |       0 |   0.0 |      11 |       0 |   0.0
        D:2 |     111 |      25 |  18.4 |      28 |       2 |   6.7
        D:3 |      78 |      13 |  14.3 |      27 |       1 |   3.6
        D:4 |      50 |       0 |   0.0 |       4 |       0 |   0.0
            +---------+---------+-------+---------+---------+-------
